Map: New Gettysburg LE

Players

SecondSonIV

  • Race: Protoss Protoss
  • League: Gold

Nickos - Winner!

  • Race: Terran Terran
  • League: Gold

VOD

Have the link to the VOD?

Description

Time

  • Played on: Sept. 24, 2016, 5:55 a.m.
  • Length: 9:21
Show
View Real Time Build Order
Export as new Build Order

SecondSonIV Protoss 

Build Orders: Oracle Opening 

Get SALT Encoding   

  12  0:01  Probe (Chrono Boost)  
  13  0:15  Pylon  
  13  0:18  Probe (Chrono Boost)  
  14  0:29  Probe (Chrono Boost)  
  15  0:36  Gateway  
  15  0:39  Probe (Chrono Boost)  
  16  0:50  Probe (Chrono Boost)  
  17  0:59  Gateway  
  17  1:00  Probe (Chrono Boost)  
  18  1:05  Assimilator  
  19  1:11  Probe (Chrono Boost)  
  19  1:18  Pylon  
  19  1:27  Cybernetics Core  
  19  1:30  Zealot  
  21  1:42  Gateway  
  21  1:50  Warp Gate  
  21  1:52  Assimilator  
  21  2:06  Adept  
  21  2:08  Adept  
  25  2:13  Probe (Chrono Boost)  
  26  2:25  Probe (Chrono Boost)  
  27  2:32  Adept  
  29  2:49  Stargate  
  29  2:51  Pylon  
  29  2:58  Probe (Chrono Boost)  
  30  3:05  Pylon  
  30  3:23  Adept x3  
  30  3:24  Pylon  
  36  3:33  Gateway  
  36  3:36  Oracle  
  39  4:05  Forge  
  39  4:08  Pylon  
  39  4:20  Pylon  
  39  4:37  Nexus  
  39  5:26  Protoss Ground Weapons Level 1  
  39  5:30  Stalker x3  
  39  5:31  Stalker  
  47  5:55  Probe (Chrono Boost)  
  48  6:03  Probe (Chrono Boost)  
  49  6:05  Probe (Chrono Boost)  
  49  6:07  Pylon  
  50  6:14  Probe (Chrono Boost)  
  50  6:16  Probe (Chrono Boost)  
  52  6:24  Probe (Chrono Boost)  
  50  6:31  Robotics Facility  
  50  6:35  Stalker x4  
  50  6:36  Probe (Chrono Boost)  
  59  6:43  Probe (Chrono Boost)  
  60  6:48  Assimilator  
  60  6:50  Assimilator  
  60  6:54  Probe (Chrono Boost)  
  61  6:56  Oracle  
  61  7:00  Sentry  
  66  7:02  Sentry  
  66  7:04  Probe (Chrono Boost)  
  69  7:12  Photon Cannon  
  69  7:16  Observer  
  70  7:29  Stalker x2  
  74  7:30  Stalker  
  74  7:35  Adept  
  78  7:48  Probe (Chrono Boost)  
  78  7:49  Probe (Chrono Boost)  
  80  8:00  Probe (Chrono Boost)  
  81  8:17  Stalker  
  81  8:19  Stalker  
  74  8:30  Zealot  
  40  8:44  Zealot x3  
  33  8:54  Stalker  
  29  9:05  Stalker x2  
  29  9:06  Stalker  
Show
View Real Time Build Order
Export as new Build Order

Nickos Terran - Winner!

Build Orders: MMM Bio 

Get SALT Encoding   

  12  0:01  SCV  
  13  0:13  SCV  
  14  0:19  Supply Depot  
  14  0:25  SCV  
  15  0:41  SCV  
  15  0:42  Barracks  
  16  0:53  SCV  
  17  1:05  SCV  
  18  1:19  SCV  
  18  1:23  Command Center  
  19  1:29  Marine  
  20  1:33  Orbital Command  
  20  1:44  Barracks  
  20  1:48  Marine  
  21  2:10  Supply Depot  
  21  2:16  SCV  
  21  2:17  Barracks  
  21  2:19  Marine  
  23  2:32  SCV  
  23  2:35  Marine  
  23  2:36  Bunker  
  25  2:37  Orbital Command  
  25  2:42  Marine  
  27  2:44  SCV  
  27  2:53  Marine  
  27  2:56  SCV  
  27  2:57  Refinery  
  29  3:00  Refinery, Marine  
  30  3:08  SCV  
  30  3:09  Bunker  
  30  3:10  Marine, SCV  
  34  3:21  SCV  
  34  3:25  Supply Depot  
  36  3:27  Barracks Tech Lab  
  36  3:31  SCV  
  36  3:34  SCV  
  37  3:41  Barracks Reactor  
  37  3:43  SCV  
  37  3:47  Supply Depot  
  37  3:48  SCV  
  38  3:51  Refinery, Barracks Reactor, Marauder  
  38  3:55  SCV  
  41  4:00  SCV  
  41  4:02  Supply Depot  
  42  4:09  Stimpack  
  42  4:10  SCV  
  42  4:16  Barracks, Supply Depot  
  43  4:18  Barracks, SCV  
  44  4:24  Marine x2  
  44  4:30  SCV  
  44  4:31  Marine x2, SCV  
  48  4:33  Marauder  
  52  4:43  SCV x2  
  52  4:44  Marine x2  
  56  4:49  Marine  
  56  4:54  Marauder  
  56  4:58  Marine  
  59  5:02  Marine  
  59  5:03  Factory  
  56  5:12  SCV  
  56  5:13  SCV  
  57  5:16  Barracks Tech Lab, Barracks Reactor  
  57  5:20  Marine x4  
  57  5:21  Marine  
  61  5:34  SCV x2  
  63  5:38  Marine  
  63  5:39  Marauder  
  66  5:46  SCV  
  66  5:48  SCV  
  66  5:49  Engineering Bay  
  68  5:50  Engineering Bay  
  68  5:54  Marine x5  
  68  5:55  Factory Reactor, Marauder  
  68  5:56  Supply Depot  
  75  5:58  SCV  
  75  6:00  Marauder  
  75  6:02  Starport  
  78  6:09  Combat Shields  
  78  6:17  SCV x2, Marine x2  
  78  6:18  Marauder  
  84  6:19  Missile Turret  
  84  6:21  Terran Infantry Weapons Level 1  
  84  6:27  Marine x2  
  86  6:33  Supply Depot  
  86  6:35  Marine  
  86  6:36  SCV x2  
  89  6:45  Terran Infantry Armor Level 1  
  89  6:48  SCV x2  
  91  6:56  Missile Turret, Marine  
  91  6:57  Supply Depot, Marine x5  
  97  7:06  Marauder  
  97  7:07  Marauder  
  101  7:09  Medivac  
  103  7:17  SCV x2  
  103  7:18  Marine x2  
  107  7:22  Medivac  
  107  7:29  Marauder, SCV  
  112  7:34  SCV  
  112  7:35  Armory  
  113  7:38  Marine x2  
  113  7:42  Supply Depot  
  115  7:50  Missile Turret  
  115  7:51  SCV  
  115  7:52  SCV  
  115  7:53  Marine  
  118  8:08  Marine  
  118  8:09  Marine x5  
  124  8:16  Marine x2  
  126  8:26  Marine x2  
  117  8:32  Marine  
  117  8:33  Marine x3  
  117  8:34  Marine  
  94  8:42  Marine  
  94  8:43  Medivac x2  
  94  8:44  Marine x2  
  99  8:50  Marine  
  106  9:17  Command Center  
Tags
 
Add a new tag
Caveats
  • Supply blocks, unpowered buildings, or Contaminate may cause inaccurate times.
  • Supply counts are checked every 10 seconds.